Unix xNetHack Version 7.1.0 - last build Jun 10 2022 16:52:22 (33bbff3b7d1ce07880d5c4b1c5efc7e91935e5b9). Game began 2022-06-30 00:09:56, ended 2022-06-30 00:15:25. nmlkj, chaotic male human Wizard ------ |..... |...... # |.......####k ------------ | --- ##f@#........!...| #### ### ..........| # .. {......- # -- -------- .... ###### # ## # -|--- # |...- ------+-# |...| |..<...|# -...| ###-.......## |....## |......| |...| -----+-- ----- Nmlkj the Conjurer St:9 Dx:18 Co:12 In:18 Wi:9 Ch:9 Chaotic S:453 Dlvl:5 $:77 HP:0(17) Pw:31(31) AC:7 Xp:3/44 T:716 Latest messages: You see here a cursed crude dagger. The gecko bites! You whack the gecko. You kill the gecko! $ - 4 gold pieces {0}. This door is locked. This door is locked. This door is locked. This door is locked. This door is locked. In what direction? l You kick the door. The door crashes open! You kick at empty space. You swap places with your kitten. The door resists! The door opens. $ - 3 gold pieces {0}. You swap places with your kitten. You descend the stairs. That door is closed. The door opens. r - a scroll labeled HAPAX LEGOMENON {5}. That door is closed. The door opens. "Hello, nmlkj! Welcome to Bordeyri's general store!" You hear the splashing of a naiad. You swap places with your kitten. You descend the stairs. You have a sense of deja vu. You bash the gnome lord. The gnome lord punches you! The kitten misses the gnome lord. You miss the gnome lord. The kitten bites the gnome lord. The gnome lord misses the kitten. The gnome lord punches you! The kitten misses the gnome lord. In what direction? k The spell hits the gnome lord! The gnome lord resists! You kill the gnome lord! Welcome to experience level 3. You are hit by a red gem. The bugbear swings her sling. The bugbear hits! You see here a red gem. The bugbear picks up a red gem. The large kobold punches you! You die... Major events: Turn 1: nmlkj the chaotic male human Wizard entered the dungeon 679: attained the rank of Conjurer (level 3) 716: killed by a large kobold Inventory: Inventory: 435/575 weight (17/52 slots) Coins $ - 77 gold pieces {1} Weapons a - a blessed +1 quarterstaff (weapon in hands) {40} Armor b - an uncursed +0 cloak of magic resistance (being worn) {8} i - an uncursed +0 leather light armor (being worn) {113} Comestibles k - an uncursed orange {2} g - 2 uncursed lichen corpses {40} Scrolls l - an uncursed scroll of create monster {5} n - an uncursed scroll of fire {5} r - a blessed scroll of teleportation {5} Spellbooks m - an uncursed spellbook of dig {45} c - a blessed spellbook of force bolt {35} e - an uncursed spellbook of knock {35} f - an uncursed spellbook of light {35} d - a blessed spellbook of magic missile {40} Potions j - an uncursed potion of gain level {20} Rings o - an uncursed ring of polymorph control {3} Gems/Stones h - an uncursed worthless piece of green glass {1} q - 2 uncursed worthless pieces of red glass {2} Nmlkj the Wizard's attributes: Background: You were a Conjurer, a level 3 male human Wizard. You were chaotic, on a mission for Anhur who was opposed by Ptah (lawful) and Thoth (neutral). You were heterosexual. You were in the Dungeons of Doom, on level 5. You entered the dungeon 716 turns ago. It was the midnight hour. There was a new moon in effect when your adventure ended. You had 44 experience points, 36 more were needed to attain level 4. Your score was 453 before end-of-game adjustments. Basics: You had 0 out of 17 hit points. You had all 31 energy points (spell power). Your armor class was 7. Your wallet contained 77 zorkmids. Autopickup was on for '$"?+!=/' plus thrown. Final Characteristics: Your strength was 9 (limit:18/100). Your dexterity was 18 (limit:18). Your constitution was 12 (limit:18). Your intelligence was 18 (limit:18). Your wisdom was 9 (limit:18). Your charisma was 9 (limit:18). Final Status: You were not hungry. You were unencumbered. You were wielding a quarterstaff. You had basic skill with quarterstaff. Final Attributes: You were fervently aligned. You were magic-protected. You were warded. You are dead. Miscellaneous: You encountered 1 bones level. Total elapsed playing time was 5 minutes and 29 seconds. Vanquished creatures: a gnome leader a giant rat a gecko 3 jackals 2 goblins a grid bug 4 lichens a kobold zombie a newt 15 creatures vanquished. No species were genocided or became extinct. Voluntary challenges: You were an atheist. You were illiterate. You never genocided any monsters. You never polymorphed an object. You never changed form. You never touched an artifact. You used no wishes. You never scared an enemy with impunity. You were celibate. You never generated conflict. Achievements: You entered a shop. You attained the rank of Conjurer. The Dungeons of Doom: levels 1 to 5 Level 1: Level 2: Level 3: A general store. Level 4: A general store, some fountains. Level 5: <- You were here. A fountain. Final resting place for you, killed by a large kobold, nmlkj-Wiz-Hum-Mal-Cha, killed by a bugbear. Game over: __________ / \ / REST \ / IN \ / PEACE \ / \ | nmlkj | | 77 Au | | killed by a | | large kobold | | | | | | 2022 | *| * * * | * _________)/\\_//(\/(/\)/\//\/|_)_______ Goodbye nmlkj the Wizard... You died in The Dungeons of Doom on dungeon level 5 with 446 points, and 77 pieces of gold, after 716 moves. You were level 3 with a maximum of 17 hit points when you died.